Map: Jagannatha LE

Players

TriGGeR

  • Race: Protoss Protoss

MCanning - Winner!

  • Race: Protoss Protoss

Event: DreamHack SC2 Masters 2021 Fall

VOD

Have the link to the VOD?

Description

Time

  • Played on: Aug. 5, 2021, 4:11 p.m.
  • Length: 20:16

All games in this series

Show
View Real Time Build Order
Export as new Build Order

TriGGeR Protoss 

Build Orders: Oracle Opening 

Get SALT Encoding   

  12  0:00  Probe  
  13  0:12  Probe  
  14  0:16  Pylon  
  14  0:25  Probe (Chrono Boost)  
  15  0:38  Gateway, Probe (Chrono Boost)  
  16  0:44  Probe (Chrono Boost)  
  16  0:47  Assimilator  
  17  0:52  Probe  
  17  0:55  Assimilator  
  18  1:04  Probe (Chrono Boost)  
  18  1:10  Gateway  
  19  1:16  Probe (Chrono Boost)  
  20  1:21  Probe (Chrono Boost)  
  20  1:25  Cybernetics Core  
  21  1:30  Probe  
  22  1:38  Pylon  
  22  1:42  Probe  
  23  1:56  Probe  
  24  2:01  Stalker, Warp Gate (Chrono Boost)  
  24  2:04  Stalker  
  28  2:13  Probe  
  28  2:15  Pylon  
  29  2:28  Stargate  
  29  2:37  Adept x2  
  33  2:50  Probe  
  34  3:07  Nexus  
  34  3:11  Oracle (Chrono Boost)  
  34  3:18  Probe  
  38  3:26  Shield Battery  
  38  3:31  Probe  
  38  3:33  Pylon  
  37  3:49  Oracle  
  37  3:54  Adept x2  
  42  3:59  Shield Battery  
  42  4:15  Adept x2  
  46  4:19  Probe x2  
  45  4:40  Probe (Chrono Boost)  
  45  4:44  Probe (Chrono Boost)  
  44  4:50  Probe (Chrono Boost)  
  46  4:53  Probe (Chrono Boost)  
  46  4:54  Twilight Council  
  46  4:55  Probe (Chrono Boost)  
  46  4:56  Forge  
  47  5:01  Sentry  
  47  5:03  Probe  
  47  5:06  Probe (Chrono Boost)  
  51  5:08  Stalker  
  53  5:19  Protoss Ground Weapons Level 1, Probe x2 (Chrono Boost)  
  55  5:28  Probe (Chrono Boost)  
  57  5:30  Probe (Chrono Boost)  
  57  5:34  Probe  
  58  5:36  Blink (Chrono Boost)  
  58  5:39  Probe  
  59  5:43  Assimilator  
  60  5:51  Pylon  
  60  5:54  Nexus  
  60  5:57  Probe x2  
  61  6:07  Gateway  
  61  6:13  Gateway  
  61  6:14  Probe  
  61  6:16  Probe  
  63  6:20  Stalker  
  63  6:23  Stalker  
  63  6:25  Shield Battery  
  67  6:27  Probe  
  67  6:30  Probe  
  69  6:34  Gateway  
  69  6:39  Gateway, Probe  
  70  6:54  Pylon  
  70  6:55  Robotics Facility  
  70  6:57  Pylon  
  70  7:00  Pylon  
  70  7:05  Probe x2  
  72  7:10  Gateway x2  
  72  7:11  Probe  
  73  7:19  Probe x2 (Chrono Boost)  
  73  7:20  Templar Archives  
  75  7:23  Probe (Chrono Boost)  
  75  7:25  Protoss Ground Weapons Level 2 (Chrono Boost)  
  76  7:32  Zealot x3  
  76  7:35  Zealot, Probe x2 (Chrono Boost)  
  87  7:42  Probe  
  87  7:45  Pylon  
  87  7:48  Zealot x2  
  87  7:50  Warp Prism (Chrono Boost)  
  92  7:55  Zealot, Probe  
  96  8:03  Assimilator  
  96  8:07  High Templar x3  
  96  8:09  Charge (Chrono Boost), High Templar, Zealot  
  96  8:10  Zealot x2  
  110  8:13  Pylon  
  110  8:14  Archon  
  110  8:16  Archon  
  110  8:18  Zealot  
  112  8:33  Pylon  
  113  8:34  Observer  
  113  8:35  Nexus  
  113  8:38  Zealot x4  
  121  8:48  Probe  
  122  8:53  Zealot x4  
  130  8:56  Gateway  
  130  9:01  Gateway  
  130  9:05  Pylon  
  126  9:11  Pylon  
  126  9:15  High Templar x2, Zealot  
  132  9:17  Pylon  
  132  9:20  Archon  
  132  9:25  Stalker x4  
  132  9:31  Zealot  
  142  9:37  Zealot  
  142  9:51  Zealot x6  
  128  9:54  Zealot x2  
  128  9:57  Zealot  
  112  10:00  Protoss Ground Weapons Level 3 (Chrono Boost)  
  105  10:12  Zealot x5  
  105  10:13  High Templar x2  
  117  10:17  Archon  
  117  10:18  Zealot x2  
  121  10:21  Zealot  
  121  10:25  Photon Cannon  
  121  10:27  Probe x4  
  127  10:30  Photon Cannon  
  124  10:38  High Templar  
  124  10:39  Zealot  
  124  10:40  Stalker x2  
  124  10:41  Zealot  
  134  10:43  Probe x2  
  134  10:44  Probe  
  134  10:49  Observer  
  138  10:51  High Templar  
  138  10:52  Zealot x2  
  138  10:55  Archon  
  144  11:12  Zealot x2  
  144  11:13  Zealot  
  144  11:14  Zealot  
  144  11:15  Zealot x4  
  144  11:22  Zealot  
  126  11:29  Stalker  
  126  11:31  Immortal  
  120  11:33  Shield Battery  
  120  11:34  Shield Battery  
  120  11:35  Zealot  
  120  11:36  Zealot x5  
  114  11:53  High Templar x2  
  104  12:00  Gateway  
  104  12:03  Gateway  
  104  12:06  Archon, Zealot x4  
  104  12:07  Zealot x4  
  120  12:11  Gateway  
  120  12:14  Pylon  
  120  12:23  Robotics Bay  
  120  12:26  High Templar x2, Zealot x3  
  120  12:27  Nexus, Zealot  
  120  12:28  Stalker  
  134  12:30  Archon  
  134  12:31  Stalker  
  136  12:37  Stalker x2  
  140  12:53  Stalker x4  
  140  12:56  Zealot x4  
  156  13:02  Assimilator  
  156  13:06  Stalker x2  
  156  13:07  Assimilator  
  128  13:36  Zealot x10  
  128  13:37  Zealot x3  
  152  13:45  Dark Shrine  
  110  14:05  Disruptor (Chrono Boost)  
  110  14:08  Robotics Facility  
  110  14:09  Assimilator, Probe x3 (Chrono Boost)  
  112  14:12  Probe (Chrono Boost)  
  112  14:13  Stalker x6, Probe (Chrono Boost)  
  124  14:19  Probe x2 (Chrono Boost)  
  124  14:22  Pylon  
  124  14:23  Photon Cannon  
  126  14:28  Gravitic Boosters  
  126  14:35  Observer (Chrono Boost), Stalker x2  
  131  14:43  Photon Cannon  
  131  14:46  Shield Battery, Photon Cannon  
  131  14:50  Pylon  
  132  14:53  Observer  
  132  14:57  Dark Templar x3  
  134  15:07  Disruptor  
  134  15:12  Dark Templar  
  135  15:14  Zealot x7  
  147  15:28  Protoss Shields Level 1 (Chrono Boost)  
  147  15:47  Observer  
  147  15:48  Disruptor  
  148  15:50  Stalker x3  
  151  16:02  Zealot x5  
  155  16:06  Zealot x2  
  155  16:10  Zealot x3  
  139  16:21  Disruptor  
  138  16:27  Stalker x2  
  138  16:28  Stalker x3  
  138  16:29  Zealot x5  
  138  16:32  Assimilator  
  158  16:34  Assimilator, Zealot x3  
  164  16:43  Pylon  
  164  16:50  Stalker x4  
  170  16:55  Photon Cannon  
  170  16:57  Photon Cannon  
  170  16:58  Photon Cannon x2  
  166  17:01  Assimilator  
  152  17:16  Zealot x6  
  152  17:17  Zealot x4  
  161  17:25  Photon Cannon  
  159  17:32  Observer  
  159  17:33  Observer  
  144  17:52  Disruptor (Chrono Boost)  
  144  17:56  Stalker x2  
  144  17:57  Disruptor (Chrono Boost), Stalker x2  
  139  18:05  Zealot  
  139  18:06  Zealot x4  
  110  18:28  Disruptor (Chrono Boost)  
  92  18:41  Dark Templar  
  92  18:42  Dark Templar  
  85  18:51  Disruptor (Chrono Boost), Zealot x6  
  72  19:15  Stalker x3  
Show
View Real Time Build Order
Export as new Build Order

MCanning Protoss - Winner!

Build Orders:  

Get SALT Encoding   

  12  0:00  Probe  
  13  0:12  Probe  
  14  0:17  Pylon  
  14  0:24  Probe  
  15  0:36  Gateway, Probe (Chrono Boost)  
  16  0:46  Probe (Chrono Boost)  
  16  0:47  Assimilator  
  17  0:51  Probe (Chrono Boost)  
  17  0:56  Assimilator  
  18  1:03  Probe  
  19  1:10  Gateway  
  19  1:15  Probe  
  20  1:25  Cybernetics Core  
  20  1:28  Probe (Chrono Boost)  
  21  1:38  Probe (Chrono Boost)  
  21  1:39  Pylon  
  22  1:43  Probe (Chrono Boost)  
  23  1:57  Probe  
  23  2:00  Warp Gate (Chrono Boost)  
  18  2:01  Adept x2  
  28  2:10  Probe  
  28  2:14  Pylon  
  29  2:24  Probe  
  29  2:25  Pylon  
  30  2:31  Adept  
  30  2:36  Adept  
  34  2:55  Nexus  
  34  3:01  Adept  
  36  3:07  Adept  
  38  3:13  Pylon  
  38  3:16  Probe  
  39  3:28  Shield Battery  
  39  3:31  Probe  
  40  3:43  Probe  
  40  3:45  Adept  
  43  3:49  Adept  
  43  3:54  Robotics Facility  
  45  3:55  Probe (Chrono Boost)  
  45  4:01  Pylon  
  46  4:07  Probe (Chrono Boost)  
  47  4:11  Stalker  
  47  4:12  Stalker  
  47  4:14  Probe (Chrono Boost)  
  52  4:18  Probe  
  53  4:24  Probe (Chrono Boost)  
  49  4:36  Probe (Chrono Boost)  
  49  4:37  Probe (Chrono Boost)  
  50  4:44  Probe (Chrono Boost)  
  43  4:45  Sentry, Stalker  
  43  4:46  Probe  
  43  4:50  Shield Battery  
  46  4:54  Observer (Chrono Boost)  
  46  4:55  Probe  
  46  4:58  Probe  
  49  5:00  Forge  
  49  5:07  Probe  
  50  5:08  Stalker x2  
  50  5:09  Observer  
  50  5:10  Probe  
  56  5:16  Assimilator  
  56  5:19  Probe  
  57  5:22  Probe  
  57  5:25  Protoss Ground Weapons Level 1 (Chrono Boost)  
  58  5:28  Shield Battery  
  58  5:31  Stalker x2  
  58  5:33  Probe  
  62  5:38  Probe  
  63  5:43  Pylon  
  63  5:46  Probe  
  64  5:50  Probe  
  64  5:54  Twilight Council  
  65  5:57  Stalker x2  
  65  6:04  Pylon  
  70  6:17  Pylon, Probe  
  70  6:20  Nexus, Immortal (Chrono Boost)  
  70  6:24  Pylon  
  70  6:25  Probe  
  75  6:29  Sentry, Probe  
  75  6:31  Charge  
  78  6:38  Gateway  
  78  6:40  Gateway, Probe  
  78  6:41  Probe  
  78  6:46  Photon Cannon  
  80  6:53  Probe  
  80  6:54  Probe  
  82  6:58  Immortal  
  86  7:05  Stalker, Probe  
  86  7:06  Protoss Ground Weapons Level 2 (Chrono Boost)  
  89  7:10  Probe  
  90  7:17  Probe  
  90  7:21  Shield Battery  
  91  7:25  Gateway  
  91  7:29  Templar Archives, Gateway  
  91  7:31  Zealot  
  91  7:33  Probe  
  91  7:35  Probe x2  
  96  7:40  Gateway  
  96  7:44  Gateway  
  96  7:46  Pylon  
  98  7:54  Assimilator  
  98  7:55  Zealot x2  
  100  7:59  Pylon  
  100  8:04  Pylon  
  100  8:05  Observer  
  101  8:06  High Templar  
  101  8:07  High Templar  
  101  8:11  Archon  
  101  8:12  Probe  
  106  8:16  Assimilator  
  106  8:17  Pylon, Zealot x2  
  110  8:20  Pylon, Probe  
  110  8:26  Photon Cannon  
  111  8:29  Zealot x2  
  111  8:32  Gateway  
  115  8:34  Gateway  
  115  8:37  Pylon, High Templar x2  
  115  8:40  Archon  
  119  8:42  Archon  
  119  8:44  Zealot x3  
  125  8:50  Zealot x3  
  130  9:02  Probe  
  131  9:05  Pylon, Probe  
  131  9:07  Pylon  
  132  9:11  High Templar x2, Robotics Bay  
  132  9:16  Archon  
  136  9:18  Nexus  
  136  9:19  Shield Battery  
  136  9:22  Probe  
  135  9:25  Zealot x2  
  135  9:30  Photon Cannon  
  135  9:31  Probe x2  
  140  9:33  High Templar x2  
  140  9:37  Archon  
  143  9:38  Shield Battery  
  143  9:42  Stalker x2  
  147  9:45  Zealot  
  147  9:50  Zealot x2  
  133  9:53  Zealot  
  117  10:03  Zealot x2  
  116  10:07  Zealot x2  
  116  10:08  Blink, Zealot x3  
  116  10:09  Disruptor (Chrono Boost)  
  127  10:17  Probe  
  126  10:21  Zealot x3  
  126  10:25  Robotics Facility, Probe  
  126  10:26  High Templar  
  135  10:34  Zealot x5  
  135  10:35  Disruptor (Chrono Boost)  
  148  10:47  Pylon  
  148  10:49  High Templar  
  150  10:54  Zealot x3, Archon  
  156  10:59  Nexus  
  156  11:02  Disruptor (Chrono Boost)  
  159  11:09  Zealot x2  
  163  11:12  Zealot  
  163  11:16  Zealot  
  163  11:17  Zealot x2  
  165  11:24  Zealot x3  
  157  11:31  Zealot x2  
  154  11:37  Protoss Ground Weapons Level 3 (Chrono Boost)  
  141  11:42  Zealot x5  
  145  11:50  Cybernetics Core  
  145  11:53  Probe  
  144  12:00  Disruptor (Chrono Boost)  
  147  12:04  Zealot x4  
  155  12:10  High Templar x4  
  155  12:11  Probe  
  155  12:14  Photon Cannon  
  155  12:15  Archon x2  
  164  12:18  Pylon  
  164  12:19  Probe  
  164  12:22  Probe  
  166  12:24  Dark Shrine  
  166  12:26  Probe  
  167  12:33  Disruptor (Chrono Boost), Probe  
  167  12:36  Assimilator  
  171  12:38  Shield Battery  
  171  12:40  Assimilator  
  171  12:43  Photon Cannon  
  171  12:45  Shield Battery  
  171  12:48  Assimilator, Robotics Facility  
  171  12:50  Photon Cannon  
  171  12:54  Photon Cannon  
  171  13:05  Disruptor  
  171  13:10  Probe  
  171  13:11  Zealot x6  
  187  13:15  Pylon  
  173  13:32  Zealot  
  173  13:33  Zealot x7  
  171  13:36  Disruptor (Chrono Boost)  
  174  13:41  Disruptor (Chrono Boost), Zealot x2  
  132  14:04  Zealot x4  
  132  14:05  Zealot x2  
  141  14:11  Disruptor (Chrono Boost), Dark Templar  
  141  14:14  Disruptor (Chrono Boost)  
  141  14:15  High Templar x3  
  155  14:18  Probe  
  155  14:21  Photon Cannon, Archon  
  156  14:26  High Templar  
  156  14:27  Stalker x4  
  166  14:31  Archon  
  166  14:36  Probe  
  168  14:42  Observer (Chrono Boost)  
  168  14:47  Shadow Stride (Chrono Boost), Stalker x4  
  176  14:53  Nexus  
  176  14:56  Pylon  
  176  14:58  Disruptor (Chrono Boost)  
  179  15:02  Disruptor (Chrono Boost)  
  172  15:20  Stalker x6  
  180  15:25  Zealot x2  
  180  15:27  Disruptor  
  185  15:29  Dark Templar  
  185  15:33  Disruptor  
  183  15:47  Zealot  
  183  15:53  Dark Templar x2  
  183  15:54  Dark Templar x2  
  191  15:59  Nexus  
  191  16:03  Disruptor (Chrono Boost)  
  194  16:09  Pylon  
  190  16:12  Disruptor (Chrono Boost)  
  190  16:15  Zealot x3  
  177  16:29  Dark Templar  
  179  16:34  Photon Cannon  
  179  16:35  Disruptor (Chrono Boost), Photon Cannon  
  179  16:36  Shield Battery, Photon Cannon  
  182  16:43  Shield Battery  
  182  16:45  Zealot x2  
  186  16:48  Photon Cannon  
  186  16:49  Pylon, Disruptor (Chrono Boost)  
  185  17:04  Disruptor (Chrono Boost)  
  172  17:16  Stalker x7  
  172  17:20  Disruptor (Chrono Boost)  
  184  17:24  Probe  
  184  17:27  Assimilator  
  184  17:29  Assimilator  
  182  17:33  Dark Templar  
  182  17:36  Zealot x2  
  188  17:40  Disruptor (Chrono Boost)  
  158  17:54  Disruptor (Chrono Boost), Zealot x6  
  170  18:12  Zealot x2  
  158  18:21  Zealot x6  
  170  18:32  Observer (Chrono Boost)  
  171  18:41  Zealot x7  
  169  18:44  Disruptor (Chrono Boost)  
  153  19:07  Stalker x7  
  145  19:19  Disruptor  
  144  19:34  Zealot x3  
  144  19:35  Zealot  
  144  19:36  Zealot x3  
  140  19:57  Zealot x2  
  147  20:00  Zealot x3  
  143  20:08  Zealot x2  

Tags
 
Add a new tag
Caveats
  • Supply blocks, unpowered buildings, or Contaminate may cause inaccurate times.
  • Supply counts are checked every 10 seconds.